AoeStats
← _WizarD_

Arena

509524697Analyzed
4v4 RM · 5d ago on Sep 27, 2026· 49m 24s· 8 players
Game mode
Random Map
Map size
Large (8 player)
Population
200
Speed
Normal
Resources
Standard
Victory
Conquest
Starting age
Dark Age
Ending age
Imperial Age
RankedLock teamsTeams togetherTeam positionsShared explorationLock speedFull tech treeHidden civsTurbo modeCheats
Victory
Defeat
🇷🇺 Magyars · Russia
1409
+15
🇺🇸 Huns · United States
1389
+16
🇲🇽 Spanish · Mexico
1384
+16
🇺🇸 Italians · United States
1366
+16
🇦🇷 Hindustanis · Argentina
1539
-23
🇲🇽 Persians · Mexico
1362
-15
🇨🇱 Spanish · Chile
1323
-13
🇦🇷 Malay · Argentina
1297
-12
I ONLY MAKE TRADE CARTS
10:49 Feudal Age
11:39 Double-Bit Axe
14:47 Castle Age
12:43 Horse Collar
15:45 Bow Saw
20:13 Wheelbarrow
21:49 Hand Cart
23:54 Gold Mining
26:02 Stone Mining
29:00 Imperial Age
26:17 Town Watch
26:17 Loom
27:01 Fletching
27:11 Padded Archer Armor
27:37 Treadmill Crane
28:23 Ballistics
28:13 Masonry
28:13 Bodkin Arrow
30:41 Chemistry
29:24 Elite Genoese Crossbowman
30:30 Bracer
31:07 Conscription
31:26 Stone Shaft Mining
32:46 Leather Archer Armor
32:47 Arrowslits
33:14 Masonry
40:01 Ring Archer Armor
39:32 Scale Mail Armor
39:42 Forging
41:23 Squires
41:08 Arson
41:40 Chain Mail Armor
46:04 Plate Mail Armor
46:09 Iron Casting
46:39 Two-Man Saw
MEX_Angel_Tj
10:23 Feudal Age
10:16 Loom
10:46 Man-at-Arms
11:26 Horse Collar
11:46 Town Watch
19:27 Castle Age
17:45 Double-Bit Axe
19:37 Padded Archer Armor
20:46 Wheelbarrow
21:37 Leather Archer Armor
25:48 Husbandry
25:59 Bloodlines
26:37 Gold Mining
35:53 Pikeman
36:34 Squires
39:09 Imperial Age
37:33 Scale Mail Armor
39:42 Halberdier
40:56 Halberdier
48:23 Forging
48:57 Fletching
49:38 Ring Archer Armor
49:44 Iron Casting
49:24 Chain Mail Armor
YuriiVegas
10:18 Feudal Age
10:48 Double-Bit Axe
13:02 Loom
13:46 Bloodlines
13:29 Horse Collar
16:02 Castle Age
15:34 Bloodlines
18:28 Bow Saw
22:13 Fletching
22:49 Gold Mining
23:39 Ballistics
23:39 Bodkin Arrow
24:49 Heavy Plow
27:19 Wheelbarrow
29:30 Husbandry
29:41 Thumb Ring
32:19 Imperial Age
30:32 Padded Archer Armor
30:28 Town Watch
30:39 Treadmill Crane
31:53 Gold Shaft Mining
30:57 Light Cavalry
32:21 Hand Cart
32:39 Heavy Cavalry Archer
34:30 Two-Man Saw
33:44 Bracer
35:13 Chemistry
35:21 Recurve Bow
37:02 Leather Archer Armor
37:35 Parthian Tactics
37:36 Hussar
38:53 Scale Mail Armor
38:58 Scale Barding Armor
39:27 Ring Archer Armor
39:29 Stone Mining
41:59 Chain Barding Armor
45:13 Plate Barding Armor
46:47 Conscription
46:29 Corvinian Army
47:05 Siege Engineers
48:00 Elite Magyar Huszar
49:15 Hoardings
_WizarD_
11:45 Feudal Age
13:47 Double-Bit Axe
13:44 Horse Collar
16:07 Castle Age
14:43 Gold Mining
17:18 Bow Saw
18:39 Wheelbarrow
27:12 Imperial Age
25:58 Scale Barding Armor
26:04 Forging
26:35 Bloodlines
27:02 Husbandry
27:08 Loom
27:54 Chain Barding Armor
28:10 Iron Casting
27:20 Cavalier
28:38 Paladin
28:43 Pikeman
29:07 Pikeman
31:08 Heavy Plow
32:12 Blast Furnace
31:50 Plate Barding Armor
32:26 Halberdier
33:07 Squires
32:52 Arson
33:13 Scale Mail Armor
35:04 Blast Furnace
35:13 Scale Mail Armor
37:09 Chain Mail Armor
38:45 Two-Man Saw
49:13 Fletching
49:23 Padded Archer Armor
50:26 Chemistry
49:27 Stone Mining
AnuBis Killer
10:58 Feudal Age
15:10 Castle Age
12:58 Double-Bit Axe
13:48 Horse Collar
14:01 Gold Mining
27:55 Imperial Age
25:33 Loom
26:25 Wheelbarrow
26:25 Forging
26:21 Scale Barding Armor
27:09 Scale Barding Armor
27:17 Bloodlines
27:07 Husbandry
28:11 Iron Casting
28:17 Chain Barding Armor
27:39 Cavalier
29:14 Gold Shaft Mining
30:55 Blast Furnace
29:41 Savar
31:40 Plate Barding Armor
34:44 Fletching
34:54 Padded Archer Armor
35:24 Bodkin Arrow
35:55 Ballistics
36:35 Chemistry
36:12 Conscription
36:21 Stone Mining
37:11 Heavy Plow
37:28 Bow Saw
38:12 Elite Skirmisher
39:51 Guilds
40:12 Coinage
40:00 Leather Archer Armor
40:04 Hand Cart
42:06 Ring Archer Armor
43:12 Crop Rotation
45:26 Hoardings
45:15 Scale Mail Armor
46:29 Two-Man Saw
45:14 Light Cavalry
45:49 Hussar
DL | Nato
11:12 Feudal Age
16:10 Castle Age
14:32 Double-Bit Axe
15:03 Stone Mining
15:21 Loom
16:14 Town Watch
17:43 Horse Collar
25:25 Padded Archer Armor
26:37 Bloodlines
26:36 Gold Mining
27:47 Fletching
28:00 Husbandry
28:54 Bow Saw
28:45 Heavy Plow
29:27 Wheelbarrow
34:17 Imperial Age
32:26 Pikeman
33:09 Squires
32:54 Gambesons
33:07 Bodkin Arrow
35:54 Conscription
36:22 Halberdier
36:55 Onager
37:04 Elite Skirmisher
38:07 Bracer
38:52 Leather Archer Armor
39:02 Ballistics
39:43 Chemistry
38:06 Elite Conquistador
39:12 Scale Mail Armor
Jony
6:54 Loom
9:50 Feudal Age
9:25 Town Watch
22:25 Castle Age
21:18 Double-Bit Axe
21:16 Horse Collar
23:30 Fletching
26:24 Bodkin Arrow
28:49 Bow Saw
28:33 Gold Mining
34:17 Imperial Age
32:29 Crossbowman
34:56 Chemistry
36:16 Wheelbarrow
35:56 Thumb Ring
37:53 Bracer
39:01 Padded Archer Armor
41:43 Ballistics
44:56 Leather Archer Armor
46:57 Ring Archer Armor
45:59 Arbalester
DL | Lich
10:08 Feudal Age
13:46 Castle Age
13:05 Wheelbarrow
13:18 Horse Collar
14:21 Double-Bit Axe
15:17 Bow Saw
20:25 Loom
20:26 Town Watch
27:36 Imperial Age
25:44 Hand Cart
26:05 Heavy Plow
26:14 Scale Barding Armor
27:17 Bloodlines
27:28 Chain Barding Armor
27:13 Gold Mining
27:52 Husbandry
27:47 Heavy Camel Rider
29:04 Plate Barding Armor
28:40 Forging
30:04 Conscription
30:13 Imperial Camel Rider
32:25 Iron Casting
35:11 Blast Furnace
36:21 Siege Elephant
37:52 Ballistics
38:32 Chemistry
42:50 Two-Man Saw
46:38 Light Cavalry
46:38 Light Cavalry
48:29 Hussar
Connection lost

Rejoining the realm…

Still unreachable

The connection could not be restored.

Session expired

The server has moved on; the page needs a fresh start.